 Dungeon Crawl Stone Soup version 0.25.0-9-g26727b657a (webtiles) character file.

Game seed: 4878290992925313267

1762 MisterFreud the Carver (level 8, -10/70 HPs)
             Began as a Minotaur Berserker on June 21, 2020.
             Was an Elder of Trog.
             Killed from afar by Maggie (26 damage)
             ... with a bolt of fire
             ... on level 7 of the Dungeon.
             The game lasted 00:05:58 (7131 turns).

MisterFreud the Carver (Minotaur Berserker)         Turns: 7131, Time: 00:05:59

Health: -10/70     AC:  4    Str: 25    XL:     8   Next: 79%
Magic:  0/7        EV: 14    Int:  4    God:    Trog [****..]
Gold:   446        SH:  4    Dex:  9    Spells: 7/7 levels left

rFire    . . .     SeeInvis .   a - +0 falchion
rCold    . . .     Gourm    .   n - +0 buckler
rNeg     + . .     Faith    .   b - +0 animal skin
rPois    .         Spirit   +   m - +2 hat
rElec    .         Reflect  .   (no cloak)
rCorr    .         Harm     .   (no gloves)
MR       .....                  (no boots)
Stlth    +.........             l - amulet of guardian spirit
HPRegen  0.21/turn              s - ring of positive energy
MPRegen  0.10/turn              (no ring)

@: berserk cooldown
A: retaliatory headbutt, horns 2
a: Berserk, Trog's Hand, Brothers in Arms, Renounce Religion


You were on level 7 of the Dungeon.
You worshipped Trog.
Trog was greatly pleased with you.
You were not hungry.

You visited 1 branch of the dungeon, and saw 7 of its levels.

You collected 446 gold pieces.

Inventory:

Hand Weapons
 a - a +0 falchion (weapon)
Armour
 b - a +0 animal skin (worn)
 m - a +2 hat (worn)
 n - a +0 buckler (worn)
Jewellery
 l - an amulet of guardian spirit (around neck)
 q - an uncursed ring of protection from fire
 s - a ring of positive energy (left hand)
 E - an uncursed ring of protection from cold {unknown}
 G - the amulet of Heakhlag {RegenMP +Blink MR+ Str+4 Dex-4}
   (You took it off an orc on level 7 of the Dungeon)

   [amulet of magic regeneration]

   It increases your magic regeneration.
   It affects your strength (+4).
   It affects your dexterity (-4).
   It affects your resistance to hostile enchantments.
   It lets you blink.
Wands
 A - a wand of flame (16)
 D - a wand of polymorph (8)
Scrolls
 d - 3 scrolls of enchant weapon {unknown}
 e - 8 scrolls of identify {unknown}
 f - a scroll of blinking {unknown}
 k - 2 scrolls of magic mapping {unknown}
 o - 2 scrolls of teleportation {unknown}
 p - 2 scrolls of amnesia {unknown}
 r - 7 scrolls of remove curse {unknown}
 t - a scroll of fear {unknown}
 v - a scroll of random uselessness {unknown}
 y - a scroll of enchant armour {unknown}
 C - a scroll of noise {unknown}
Potions
 g - 3 potions of haste {unknown}
 h - 3 potions of lignification {unknown}
 i - a potion of magic {unknown}
 j - a potion of degeneration {unknown}
 u - 4 potions of curing {unknown}
 w - a potion of invisibility {unknown}
 x - a potion of might {unknown}
 z - a potion of heal wounds
 B - 2 potions of flight {unknown}
 F - a potion of brilliance {unknown}
Comestibles
 c - 13 rations


   Skills:
 - Level 6.0 Fighting
 + Level 9.4 Long Blades
 - Level 6.0 Armour
 - Level 6.0 Dodging
 - Level 4.0 Shields


You had 7 spell levels left.
You didn't know any spells.
Your spell library was empty.

Dungeon Overview and Level Annotations

Branches:
Dungeon (7/15)             Temple (0/1) D:5

Altars:
Elyvilon
Fedhas
Makhleb
Trog
Uskayaw
Xom

Annotations:
D:5 Prince Ribbit
D:7 Maggie


Innate Abilities, Weirdness & Mutations

You reflexively headbutt those who attack you in melee.
You have a pair of horns on your head.


Message History

Unknown command.
Press < or > to pray at altars.
Unknown command.
Press < or > to pray at altars.
Unknown command.
Press < or > to pray at altars.
Your skin stops crawling.
You feel less resistant to hostile enchantments.
Maggie says, "Leave now, and tell all of Margery's mercy!"
Maggie hits you with a +0 halberd of distortion.
Space warps horribly around you!!
* * * LOW HITPOINT WARNING * * *
There is an open door, spattered with blood here.
You block Maggie's attack.
Found a ring mail.
Unknown command.
Unknown command.
Maggie gestures at you while chanting. The bolt of fire hits you!!
You die...

..#.# ###
#.#)####
#...##.#))..# #
#....#.@..#
#.###.).....#
#.#.........#
#....###....#
#.#....#_#....#
#.'...@#'#....#
###......@.####
#...........#
#..........##
#..........#
#[.........#
#..........#
#....##.####
.... #.


You could see Maggie.

Vanquished Creatures
  Sigmund (D:3)
  Edmund (D:5)
  Duvessa (D:7)
  A phantom (D:5)
  2 ogres
  2 centaurs (D:6)
  Dowan (D:7)
  A scorpion (D:4)
  A howler monkey (D:6)
  A crimson imp (D:6)
  A centaur skeleton (D:6)
  2 hounds
  An orc priest (D:7)
  A bullfrog skeleton (D:5)
  6 orc wizards
  Terence (D:3)
  7 worker ants
  2 worker ant zombies
  A hound skeleton (D:5)
  Robin (D:3)
  2 howler monkey zombies (D:5)
  7 adders
  A shadow imp (D:7)
  An ooze (D:3)
  An adder zombie (D:7)
  2 worms (D:2)
  2 dart slugs
  2 leopard geckos
  22 orcs
  2 ball pythons
  4 bats (D:2)
  4 giant cockroaches
  18 goblins
  7 hobgoblins
  5 jackals
  3 quokkas
  4 frilled lizards
  8 kobolds
  6 rats
136 creatures vanquished.

Notes
Turn   | Place    | Note
-------+----------+-------------------------------------------
     0 | D:1      | MisterFreud the Minotaur Berserker began the quest for the
                  | Orb.
     0 | D:1      | Reached XP level 1. HP: 19/19 MP: 0/0
   126 | D:1      | Reached XP level 2. HP: 20/28 MP: 1/1
   844 | D:2      | Reached skill level 5 in Fighting
   947 | D:2      | Reached XP level 3. HP: 36/36 MP: 0/2
   955 | D:2      | Reached ** piety under Trog
  1876 | D:3      | Noticed Sigmund
  1877 | D:3      | Reached XP level 4. HP: 41/44 MP: 1/3
  1877 | D:3      | Reached skill level 1 in Shields
  1889 | D:3      | HP: 1/44 [something (5)]
  2255 | D:3      | Noticed Robin
  2272 | D:3      | Killed Robin
  2289 | D:3      | Killed Sigmund
  2289 | D:3      | Reached *** piety under Trog
  2289 | D:3      | Reached skill level 5 in Long Blades
  2289 | D:3      | Reached XP level 5. HP: 47/50 MP: 4/4
  2289 | D:3      | Reached XP level 6. HP: 53/57 MP: 5/5
  2648 | D:3      | Noticed Terence
  2656 | D:3      | Killed Terence
  3182 | D:4      | Reached skill level 6 in Long Blades
  3495 | D:4      | Found a white marble altar of Elyvilon.
  4400 | D:5      | Entered Level 5 of the Dungeon
  4408 | D:5      | Found a staircase to the Ecumenical Temple.
  4435 | D:5      | Reached skill level 7 in Long Blades
  4453 | D:5      | Reached XP level 7. HP: 42/63 MP: 4/6
  4720 | D:5      | Reached skill level 8 in Long Blades
  4803 | D:5      | Noticed Edmund
  4813 | D:5      | Killed Edmund
  5075 | D:5      | Found a burning altar of Makhleb.
  5544 | D:5      | Noticed Prince Ribbit
  5779 | D:6      | Reached XP level 8. HP: 68/70 MP: 5/7
  5935 | D:6      | Found a shimmering altar of Xom.
  5937 | D:6      | Found a snail-covered altar of Cheibriados.
  5937 | D:6      | Found a blossoming altar of Fedhas.
  5939 | D:6      | Found a burning altar of Makhleb.
  5939 | D:6      | Found a hide-covered altar of Uskayaw.
  5939 | D:6      | Found a bloodstained altar of Trog.
  6029 | D:6      | Reached skill level 5 in Armour
  6165 | D:6      | Reached skill level 5 in Dodging
  6364 | D:6      | Found a hide-covered altar of Uskayaw.
  6580 | D:6      | Reached **** piety under Trog
  7033 | D:7      | Noticed Dowan
  7035 | D:7      | Identified the amulet of Heakhlag {RegenMP +Blink MR+ Str+4
                  | Dex-4}
  7061 | D:7      | Noticed Duvessa
  7084 | D:7      | Killed Duvessa
  7084 | D:7      | Reached skill level 9 in Long Blades
  7092 | D:7      | Killed Dowan
  7099 | D:7      | Noticed Maggie
  7119 | D:7      | Found a bloodstained altar of Trog.
  7131 | D:7      | Killed from afar by Maggie

Illustrated notes

Levels and vault maps discovered:
D:1:      ebering_hopf_link, layout_loops_ring, serial_bayou_pond_b
D:2:      layout_basic
D:3:      layout_basic, grunt_ministairs_1, chequers_mini_garden, uniq_sigmund,
          uniq_terence, uniq_robin
D:4:      layout_layer_cave, lemuel_round_altar, serial_rivers,
          chequers_serial_rivers_large_a, chequers_serial_rivers_room_a,
          chequers_serial_rivers_small_a, chequers_serial_rivers_large_b,
          chequers_serial_rivers_marsh, chequers_serial_rivers_micro_d,
          first_ration
D:5:      layout_basic, bloody_makhleb, minmay_temple_entry_glassed_door,
          uniq_edmund, uniq_prince_ribbit1
D:6:      layout_gridville, kennysheep_mini, minmay_misc_feat_enclosed,
          doesnt_xom_only_xom
D:7:      layout_basic, kennysheep_mini_moat, enter_bailey_3, uniq_duvessa,
          uniq_joseph, uniq_maggie

Skill      XL: |  1  2  3  4  5  6  7  8 |
---------------+-------------------------+-----
Fighting       | 4 5 6 |  6.0
Shields        | 4 |  4.0
Long Blades    | 5 7 8 9 |  9.4
Armour         | 4 6 |  6.0
Dodging        | 4 6 |  6.0

Action                   |  1- 3 |  4- 6 |  7- 9 || total
-------------------------+-------+-------+-------++-------
Melee: Falchion          |    72 |   122 |   184 ||   378
       Headbutt          |    13 |    25 |    47 ||    85
Invok: Berserk           |       |     1 |     2 ||     3
       Trog's Hand       |       |       |     1 ||     1
  Use: Potion            |       |       |     4 ||     4
  Eat: Chunk             |     3 |     8 |    12 ||    23
Armor: Animal skin       |    10 |    23 |    16 ||    49
Dodge: Dodged            |    59 |    54 |   100 ||   213
Block: Buckler           |       |    17 |    32 ||    49
       Rpst.: Falchion   |    18 |    18 |    25 ||    61
